 Dungeon Crawl Stone Soup version 0.18-a0-1718-g40ea4b6 (webtiles) character file.

522089 nubinia the Sorcerer (level 25, -7/184 (185) HPs)
             Began as a White Draconian Air Elementalist on Apr 1, 2016.
             Was the Champion of Vehumet.
             Killed from afar by a tengu reaver (39 damage)
             ... with a bolt of lightning
             ... on level 4 of the Vaults on Apr 8, 2016.
             The game lasted 16:42:33 (81964 turns).

nubinia the Sorcerer (DrAE)                        Turns: 81964, Time: 16:42:33

HP:   -7/184 (185)  AC: 30    Str: 13    XL:     25   Next: 14%
MP:   50/50         EV: 28    Int: 24    God:    Vehumet [******]
Gold: 2995          SH: 16    Dex: 20    Spells: 17 memorised, 2 levels left

rFire  . . .     SeeInvis .     a - +9 dagger (protect)
rCold  + + +     Gourm    .     (armour unavailable)
rNeg   + . .     Faith    .     B - +3 buckler {AC+3}
rPois  +         Spirit   .     k - +1 hat "Caaghoh" {rF- rC++ MR+++ Int-2}
rElec  .         Dismiss  .     D - +1 ratskin cloak {rPois rN+ Int-1 Dex-1}
rCorr  .         Reflect  +     Y - +3 pair of gloves "Titwia" {*Drain rF+ Int+5}
SustAt .         Harm     .     G - +2 pair of boots {Fly}
MR     ++++.                    r - +6 amulet of reflection
Stlth  +++++.....               e - +3 ring of evasion
                                d - +6 ring of dexterity

@: flying, very slightly contaminated, incredibly resistant to hostile
enchantments, quite stealthy
A: breathe frost, unfitting armour, antennae 1, cold resistance 1, evolution 1,
cold-blooded, AC +12
a: Breathe Frost, Renounce Religion, Stop Flying
}: 1/15 runes: decaying


You were on level 4 of the Vaults.
You worshipped Vehumet.
Vehumet was exalted by your worship.
You were very full.

You visited 9 branches of the dungeon, and saw 48 of its levels.
You visited 1 bazaar.
You also visited: Trove, Ice Cave and Volcano.

You collected 6904 gold pieces.
You spent 3909 gold pieces at shops.

Inventory:

Hand Weapons
 a - a +9 dagger of protection (weapon)
 b - the +2 trident "Cimauq" {flame, rPois rF+ rC+ MP+9}
   (You found it on level 1 of the Elven Halls)

   It has been specially enchanted to burn those struck by it, causing extra
   injury to most foes and up to half again as much damage against particularly
   susceptible opponents.
   It protects you from fire.
   It protects you from cold.
   It protects you from poison.
   It affects your magic capacity (+9).
 o - the +6 whip "Ojoggeta" {slash, rF+ rN++ Int-5 Stlth+}
   (You took it off a yaktaur on level 2 of the Depths)

   It inflicts extra damage upon your enemies.
   It affects your intelligence (-5).
   It protects you from fire.
   It greatly protects you from negative energy.
   It makes you more stealthy.
 P - a +6 blowgun
Missiles
 A - 25 curare-tipped needles
Armour
 k - the +1 hat "Caaghoh" (worn) {rF- rC++ MR+++ Int-2}
   (You found it in a treasure trove)

   It affects your intelligence (-2).
   It makes you vulnerable to fire.
   It greatly protects you from cold.
   It affects your resistance to hostile enchantments.
 s - the +2 hat "Domov" {rC- Int+4 Dex+3}
   (You found it on level 11 of the Dungeon)

   It affects your intelligence (+4).
   It affects your dexterity (+3).
   It makes you vulnerable to cold.
 B - a +3 buckler of protection (worn)
 D - the +1 ratskin cloak (worn) {rPois rN+ Int-1 Dex-1}
   (You acquired it on level 2 of the Orcish Mines)

   It affects your intelligence (-1).
   It affects your dexterity (-1).
   It protects you from poison.
   It protects you from negative energy.
 G - a +2 pair of boots of flying (worn)
 Y - the +3 pair of gloves "Titwia" (worn) {*Drain rF+ Int+5}
   (You acquired it in a treasure trove)

   It affects your intelligence (+5).
   It protects you from fire.
   It causes draining when unequipped.
Magical Staves
 W - an uncursed staff of air
Jewellery
 d - a +6 ring of dexterity (left hand)
 e - a +3 ring of evasion (right hand)
 f - the amulet "Potugis" {Spirit rF++ rC+ Dex-5 Slay+2}
   (You bought it in a shop on level 2 of the Orcish Mines)

   [amulet of guardian spirit]

   It causes incoming damage to be split between your health and magic.
   It affects your dexterity (-5).
   It affects your accuracy and damage with ranged weapons and melee attacks
   (+2).
   It greatly protects you from fire.
   It protects you from cold.
 g - an uncursed amulet of the gourmand
 i - an uncursed ring of see invisible
 p - a +2 ring of protection
 r - a +6 amulet of reflection (around neck)
 Z - the ring of Contentment {SustAt +Inv rPois rC+ Str-5}
   (You found it on level 4 of the Depths)

   [ring of sustain attributes]

   It sustains your strength, intelligence and dexterity.
   It affects your strength (-5).
   It protects you from cold.
   It protects you from poison.
   It lets you turn invisible.
Wands
 n - a wand of disintegration (13/24)
 E - a wand of iceblast (10/15)
 K - a wand of iceblast (4/15)
 M - a wand of teleportation (5/9)
 S - a wand of acid (9/15)
 T - a wand of digging (11/24)
Scrolls
 c - 7 scrolls of teleportation
 j - 3 scrolls of magic mapping
 t - a scroll of enchant armour
 u - 8 scrolls of identify
 v - 5 scrolls of recharging
 y - a scroll of blinking
 Q - 6 scrolls of holy word
 V - 13 scrolls of remove curse
 X - 6 scrolls of fear
Potions
 w - 17 potions of curing
 x - 2 potions of haste
 C - 4 potions of cancellation
 F - 12 potions of heal wounds
 I - 2 potions of agility
 J - 2 potions of resistance
 N - 4 potions of invisibility
 R - 6 potions of might
 U - 3 potions of brilliance
Miscellaneous
 h - a sack of spiders
 l - a fan of gales
 z - 2 phantom mirrors
 L - a phial of floods
Comestibles
 m - 7 meat rations


   Skills:
 + Level 7.5 Fighting
 + Level 6.3 Short Blades
 + Level 4.5 Polearms
 + Level 1.3 Throwing
 + Level 14.3 Dodging
 + Level 11.8 Stealth
 + Level 9.9 Shields
 + Level 23.4 Spellcasting
 + Level 18.7 Conjurations
 + Level 6.1 Charms
 - Level 12.0 Necromancy
 - Level 0.7 Fire Magic
 + Level 6.3 Ice Magic
 + Level 16.9 Air Magic
 - Level 1.0 Poison Magic
 + Level 3.0 Evocations


You had 2 spell levels left.
You knew the following spells:

 Your Spells              Type           Power        Failure   Level  Hunger
a - Iskenderun's Mystic   Conj           #######.     0%          4    None
b - Bolt of Draining      Conj/Necr      #######...   1%          5    None
c - Mephitic Cloud        Conj/Pois/Air  ######..     1%          3    None
d - Apportation           Tloc           ####......   1%          1    None
e - Freezing Cloud        Conj/Ice/Air   #######...   1%          6    None
f - Sticky Flame          Conj/Fire      ######..     1%          4    None
g - Shroud of Golubria    Chrm/Tloc      #####.....   1%          2    None
h - Dazzling Spray        Conj/Hex       ######..     1%          3    None
i - Iskenderun's Battles  Conj/Chrm      ######..     1%          5    None
j - Deflect Missiles      Chrm/Air       ######....   1%          6    None
k - Summon Lightning Spi  Summ/Air       ######..     1%          4    None
l - Chain Lightning       Conj/Air       #######...   2%          8    #####..
m - Dispel Undead         Necr           ######..     1%          5    None
A - Airstrike             Air            #######...   0%          4    None
D - Animate Dead          Necr           N/A          1%          4    None
R - Regeneration          Chrm/Necr      ######....   1%          3    None
S - Animate Skeleton      Necr           N/A          0%          1    None


Dungeon Overview and Level Annotations

Branches:
Dungeon (15/15)            Temple (0/1) D:5            Lair (8/8) D:8
  Swamp (4/4) Lair:4        Snake (3/4) Lair:6        Slime (0/6) Lair:8
    Orc (2/2) D:10            Elf (3/3) Orc:2        Vaults (5/5) D:14
  Crypt (3/3) Vaults:3       Tomb (0/3) Crypt:3      Depths (5/5) D:15
    Zot (0/5) Depths:5

Altars:
Ashenzari
Elyvilon
Makhleb
Ru
Sif Muna
Trog
Vehumet
Xom
Yredelemnul
The Shining One

Shops:
D:4 (   D:5 [=   D:14 (*   Orc:2 }[**[   Depths:2 *

Portals:
Hell: Depths:1 Depths:2 Depths:3 Depths:4 Depths:5
Abyss: Depths:1 Depths:4
Pandemonium: Orc:2 Depths:2 Depths:3 Depths:5
Ziggurat: Depths:1

Annotations:
D:4 2 exclusions, Grinder; syage's ghost, amateur MiBe
Crypt:2 exclusion: player ghost, Disappointing's ghost, veteran DsWn


Innate Abilities, Weirdness & Mutations

You can breathe waves of freezing cold.
You can buffet flying creatures when you breathe cold.
Your icy white scales are hard (AC +12).
Your body does not fit into most forms of armour.
Your flesh is cold resistant.
You are cold-blooded and may be slowed by cold attacks.
You have a pair of small antennae on your head.
You evolve.


Message History

* * * LOW HITPOINT WARNING * * *
The storm dragon closely misses you. You block the storm dragon's attack.
A vault warden and an ironheart preserver come into view.
There is an escape hatch in the ceiling, spattered with blood here.
The vault sentinel blows a loud note on a signal horn!
You block the tengu reaver's attack. The tengu reaver pecks you.
* * * LOW HITPOINT WARNING * * *
The tengu reaver claws you but does no damage.
The vault guard closely misses you. A mysterious force pulls you upwards.
The hatch slams shut behind you.
The battlesphere dissipates. x2
You feel yourself slow down.
The storm dragon bites you but does no damage.
The storm dragon completely misses you. You block the storm dragon's attack.
The storm dragon breathes lightning at you.
The bolt of lightning hits you!
* * * LOW HITPOINT WARNING * * *
The tengu reaver points at you and mumbles some strange words.
The bolt of lightning hits you!
You die...

##..)##...##
##Z.)##..Z##
#Z...##..Z.#
#.Z.####...#
#)########.#
#..........#
###########..........#
.Z)Z.ZZZ.#####'#'#####
########Z# ##..@##
...Z.# #.# ##.....##
.###Z# #Z###....pD.##
.#...###.##((..#...Q##
.#...#...#....###....#
##...#Z###...## ##...#
#.###.#.(....###....#
#...Z.#Z##...)#....##
########.###.......##


You could see a storm dragon, a tengu reaver and a vault guard.

Vanquished Creatures
  Khufu (Crypt:3)
  Norris (Snake:3)
  Margery (Vaults:3)
  Vashnia (Snake:2)
  Saint Roka (Depths:1)
  3 golden dragons
  A profane servitor (Crypt:3)
  Jory (Depths:4)
  Jorgrun (Vaults:1)
  3 liches
  A shard shrike zombie (Crypt:2)
  6 tentacled monstrosities
  Rupert (D:13)
  Asterion (Vaults:3)
  A deep elf master archer (Elf:3)
  2 deep elf blademasters (Elf:3)
  2 thorn hunters (Swamp:3)
  4 sphinxes
  2 ancient champions
  A shadow dragon (Depths:4)
  A tengu reaver (Depths:4)
  A storm dragon (Depths:4)
  2 revenants
  2 greater nagas
  4 fire giants
  6 deep elf sorcerers
  6 frost giants
  Louise (Depths:1)
  8 vault wardens
  A balrug (Depths:3)
  A curse skull (Vaults:3)
  2 iron dragons (Depths:4)
  A draconian zealot (Depths:5)
  A draconian shifter (Depths:5)
  7 deep elf elementalists (Elf:3)
  4 ghouls (Crypt:2)
  2 reapers
  A spriggan defender (Depths:3)
  20 stone giants
  A caustic shrike skeleton (Crypt:2)
  16 ironheart preservers
  17 very ugly things
  A war gargoyle (Vaults:1)
  A salamander stormcaller (Depths:4)
  3 draconian callers (Depths:5)
  A green draconian (Depths:5)
  8 vampire knights
  9 deep elf annihilators
  5 deep elf demonologists
  An eidolon (Crypt:2)
  2 yellow draconians (Depths:5)
  10 spark wasps
  4 ettins
  21 vault guards
  Josephine (Lair:4)
  A merfolk javelineer (Depths:1)
  7 crystal guardians (Elf:3)
  8 fire dragons
  2 deep elf high priests
  8 deep elf death magi
  2 mummy priests (Crypt:3)
  23 hydras
  14 jiangshi
  11 great orbs of eyes
  4 entropy weavers
  11 ice dragons
  A ghost crab (Swamp:3)
  16 yaktaur captains
  4 spriggan air magi
  4 rakshasas
  4 naga warriors
  Harold (D:11)
  3 death knights
  9 centaur warriors
  Erolcha (D:10)
  8 anacondas
  8 alligators
  8 ogre magi
  29 dancing weapons
  A hell hog (shapeshifter) (Depths:2)
  17 deep troll earth magi
  3 shock serpents
  2 naga sharpshooters (Snake:2)
  13 deep troll shamans
  A queen ant (shapeshifter) (Depths:1)
  2 vampire magi
  3 tengu warriors
  5 orc high priests (Orc:2)
  5 spriggan berserkers
  3 iron golems (D:13)
  A titan skeleton (Vaults:4)
  A hellephant skeleton (Crypt:1)
  4 sun demons
  36 deep elf knights
  Sonja (Lair:2)
  2 soul eaters
  10 hell knights
  A shadow wraith (Crypt:3)
  21 skeletal warriors
  4 salamander mystics
  A golden dragon zombie (Crypt:1)
  6 iron trolls
  A storm dragon skeleton (Crypt:3)
  2 sea snakes (Snake:3)
  A death drake (shapeshifter) (Depths:2)
  4 unseen horrors
  A spriggan druid (Swamp:3)
  32 deep trolls
  3 shambling mangroves
  6 flayed ghosts
  An orange crystal statue (Vaults:2)
  11 giant orange brains
  A torturous demonspawn (Orc:2)
  24 deep elf archers
  3 naga ritualists
  A swamp dragon (shapeshifter) (Vaults:4)
  10 swamp dragons
  7 phantasmal warriors
  10 hill giants
  A lindwurm (Lair:6)
  A lindwurm (shapeshifter) (Depths:2)
  8 necromancers
  10 ironbrand convokers
  40 ugly things
  6 harpies
  9 mana vipers
  An anaconda skeleton (Crypt:2)
  77 deep elf magi
  A harpy (shapeshifter) (Elf:3)
  A fire giant zombie (Depths:4)
  2 wizards
  A frost giant zombie (Crypt:1)
  6 orc sorcerers (Orc:2)
  4 wolf spiders
  7 hornets
  An oklob plant (Lair:6)
  13 orc knights
  6 griffons
  2 cyclopes
  A human zombie (Vaults:4)
  2 sixfirhies
  2 moths of wrath (shapeshifter)
  9 salamanders
  A frost giant skeleton (Crypt:3)
  13 elephants
  3 centaur zombies
  6 vault sentinels
  3 naga magi
  A guardian serpent (Snake:2)
  A water nymph (shapeshifter) (Depths:4)
  A guardian serpent (shapeshifter) (Depths:5)
  A human skeleton (Vaults:3)
  2 rust devils
  23 black mambas
  A hell hog skeleton (Crypt:2)
  2 ice statues (IceCv)
  2 fire giant skeletons (Crypt:1)
  A storm dragon simulacrum (Vaults:3)
  2 centaur skeletons
  2 spriggan zombies (Depths:1)
  18 spiny frogs
  17 eyes of devastation
  A torpor snail (Lair:8)
  A kobold demonologist (Vaults:2)
  A rime drake (Lair:8)
  7 freezing wraiths
  51 yaktaurs
  A hydra zombie (Crypt:3)
  9 komodo dragons
  5 guardian mummies (Crypt:3)
  A white draconian skeleton (Crypt:2)
  A harpy zombie (Crypt:1)
  2 tengu conjurers
  A jumping spider (Vaults:1)
  4 red devils
  A minotaur zombie (Crypt:1)
  8 ice devils
  2 hellwings
  A merfolk (shapeshifter) (Depths:5)
  2 trolls (shapeshifter)
  A harpy skeleton (Crypt:3)
  3 polar bears
  24 blink frogs
  A wind drake (shapeshifter) (Depths:1)
  9 trolls
  16 two-headed ogres
  2 two-headed ogres (shapeshifter)
  8 giant leeches
  8 bog bodies
  A tengu simulacrum (Vaults:1)
  A boulder beetle (Vaults:4)
  A blink frog (shapeshifter) (D:15)
  35 slime creatures
  An ice dragon zombie (Crypt:1)
  7 air elementals
  A tarantella (Depths:4)
  A redback (shapeshifter) (Vaults:4)
  A spriggan (shapeshifter) (Depths:4)
  13 spriggans
  4 shadows
  41 flying skulls
  7 wraiths
  12 redbacks
  2 ettin skeletons (Crypt:2)
  2 ynoxinuls
  3 water elementals
  A fire bat (Volcano)
  A fire elemental (Elf:1)
  16 humans
  A fire bat (shapeshifter) (Depths:4)
  A vampire (D:10)
  9 wyverns
  2 basilisks
  3 hungry ghosts
  38 yaks
  2 golden eyes (Depths:2)
  A steam dragon (Lair:8)
  A large abomination (Crypt:3)
  16 vampire mosquitoes
  2 humans (shapeshifter)
  9 hippogriffs
  A human simulacrum (Vaults:1)
  An elf skeleton (Depths:1)
  A chaos spawn (Orc:2)
  4 mottled dragons
  A warg (shapeshifter) (Vaults:1)
  22 insubstantial wisps
  23 nagas
  17 swamp worms
  A hydra simulacrum (Crypt:1)
  5 wargs
  A glowing shapeshifter zombie (Crypt:1)
  15 water moccasins
  48 orc warriors
  2 hell hounds
  13 porcupines
  9 swamp drakes
  18 wasps
  5 black bears (Lair:3)
  6 ice beasts
  7 necrophages
  A sky beast (D:9)
  An eye of draining (Depths:2)
  A hog zombie (Crypt:2)
  8 boggarts
  An orc skeleton (Vaults:2)
  14 centaurs
  36 ogres
  A phantom (D:10)
  8 wolves
  19 crocodiles
  7 big kobolds
  An octopode zombie (Crypt:1)
  A small abomination (Crypt:3)
  A fire crab zombie (Crypt:2)
  11 giant frogs
  A gnoll sergeant (D:6)
  A yaktaur skeleton (Crypt:1)
  A wyvern skeleton (Crypt:2)
  2 earth elementals
  5 scorpions
  18 killer bees
  16 wights
  A swamp dragon simulacrum (Crypt:2)
  2 electric eels
  8 howler monkeys
  4 lava snakes (Volcano)
  11 crimson imps
  2 quasits
  5 hounds
  25 orc priests
  6 jellies
  A demonspawn zombie (Crypt:1)
  A giant frog skeleton (D:10)
  12 orc wizards
  4 iron imps
  Natasha (thrice) (D:3)
  Ijyb (D:2)
  11 iguanas
  11 worker ants
  A killer bee zombie (D:10)
  12 sheep
  A big kobold zombie (Crypt:2)
  2 tengu zombies
  An ogre skeleton (Crypt:2)
  A hound skeleton (D:5)
  A worker ant zombie (D:6)
  10 gnolls
  13 adders
  54 river rats
  6 shadow imps
  9 white imps
  8 ufetubi
  4 oozes
  A sheep zombie (Crypt:1)
  4 adder skeletons
  3 worms
  A dart slug (D:1)
  11 giant geckos
  95 orcs
  5 bats
  8 giant cockroaches
  11 goblins
  6 hobgoblins
  2 jackals (D:6)
  10 quokkas
  6 giant newts
  48 kobolds
  A quokka skeleton (D:6)
  9 rats
  A spectral orc (D:4)
  A briar patch (Swamp:3)
  2 crawling corpses (Elf:3)
  4 fungi
  5 lost souls
2193 creatures vanquished.

Vanquished Creatures (collateral kills)
  A golden dragon (Depths:5)
  A caustic shrike (Depths:4)
  A bone dragon (Crypt:3)
  2 tentacled monstrosities
  A lich (Depths:4)
  A thorn hunter (Swamp:3)
  2 tengu reavers (Depths:3)
  2 revenants
  A fire giant (Depths:3)
  Donald (Snake:2)
  A vault warden (Vaults:1)
  2 frost giants
  Maud (D:11)
  2 ghouls
  4 stone giants
  2 ironheart preservers
  6 very ugly things
  4 vampire knights
  A deep elf annihilator (Elf:3)
  A mottled draconian (Depths:5)
  4 spark wasps
  An ettin (Depths:1)
  An eidolon (Crypt:2)
  A deep elf death mage (Crypt:1)
  A spectral quicksilver dragon (Crypt:3)
  2 quicksilver dragon zombies
  2 vault guards (Vaults:4)
  3 fire dragons
  A yaktaur captain (Depths:2)
  A great orb of eyes (Depths:1)
  5 jiangshi (Crypt:3)
  An ice dragon (D:15)
  A rakshasa (Depths:2)
  3 hydras
  2 entropy weavers
  2 anacondas (Snake:2)
  3 naga warriors (Snake:3)
  2 ogre magi
  A ghost crab (Swamp:4)
  2 death knights
  A centaur warrior (Vaults:3)
  An alligator (Swamp:2)
  3 deep troll shamans (Depths:1)
  A tengu warrior (Depths:2)
  An orc high priest (Orc:2)
  4 deep troll earth magi
  2 naga sharpshooters
  A vampire mage (Vaults:4)
  A shock serpent (Snake:3)
  4 deep elf knights
  2 skeletal warriors
  An iron troll (Depths:2)
  4 hell knights
  12 deep trolls
  An infernal demonspawn (Orc:2)
  5 flayed ghosts
  A spriggan druid (Swamp:4)
  A naga ritualist (Snake:1)
  3 swamp dragons (Swamp:4)
  A hill giant (D:12)
  4 deep elf archers
  2 mana vipers
  3 orc knights
  A shambling mangrove (Swamp:1)
  An anaconda skeleton (Crypt:1)
  A torturous demonspawn (Orc:2)
  9 deep elf magi
  An ironbrand convoker (Vaults:1)
  An iron dragon zombie (Crypt:1)
  2 harpies (Vaults:4)
  5 necromancers
  A stone giant zombie (Crypt:1)
  An orc sorcerer (Orc:2)
  2 phantasmal warriors
  A griffon (Vaults:1)
  2 shadow dragon skeletons
  A cyclops (D:13)
  14 ugly things
  4 salamanders
  A tengu skeleton (Vaults:4)
  A shock serpent zombie (Crypt:1)
  12 black mambas
  10 elephants
  3 human skeletons
  3 frost giant skeletons
  2 guardian serpents
  4 vault sentinels
  A centaur zombie (D:15)
  An eye of devastation (Depths:2)
  A torpor snail (shapeshifter) (Depths:4)
  2 naga magi
  A storm dragon simulacrum (Crypt:3)
  4 spiny frogs
  A komodo dragon (Lair:8)
  A yaktaur zombie (Vaults:2)
  A rime drake (Lair:8)
  25 yaktaurs
  3 freezing wraiths
  A golden dragon simulacrum (Crypt:3)
  2 guardian mummies (Crypt:3)
  A jumping spider (Depths:2)
  A yaktaur skeleton (Vaults:4)
  2 polar bears (Lair:3)
  A giant leech (Swamp:2)
  A tengu simulacrum (Vaults:3)
  3 two-headed ogres
  6 slime creatures
  11 blink frogs
  A boulder beetle (Vaults:3)
  An iron dragon simulacrum (Depths:4)
  A human simulacrum (Vaults:1)
  A hydra skeleton (Crypt:1)
  A fire dragon skeleton (Crypt:3)
  A bog body (Swamp:2)
  19 flying skulls
  2 shadows
  8 spriggans
  2 water elementals
  A satyr skeleton (Crypt:2)
  An air elemental (Elf:3)
  11 yaks
  3 redbacks
  4 wraiths
  A fire elemental (Elf:3)
  A wyvern (Lair:8)
  A basilisk (shapeshifter) (Vaults:1)
  3 vampire mosquitoes (Vaults:1)
  A steam dragon (Lair:8)
  6 hippogriffs
  A hippogriff (shapeshifter) (Depths:2)
  A yaktaur simulacrum (Vaults:2)
  6 insubstantial wisps
  A mottled dragon (Lair:8)
  A deep troll zombie (Vaults:3)
  4 swamp worms
  9 nagas
  8 water moccasins
  An entropy weaver simulacrum (Vaults:2)
  2 porcupines
  9 orc warriors
  6 swamp drakes
  5 ice beasts
  10 wasps
  A black bear (Lair:3)
  8 ogres
  4 wolves (Lair:6)
  3 centaurs
  A boggart (Vaults:3)
  A snapping turtle skeleton (Crypt:2)
  A swamp dragon skeleton (Crypt:3)
  8 crocodiles
  3 giant frogs
  An earth elemental (Elf:3)
  4 killer bees
  A wight (D:14)
  A quasit (Depths:5)
  A hound (D:10)
  A jelly (Lair:8)
  4 orc priests
  An orc wizard (Vaults:3)
  An iron imp (Depths:2)
  5 iguanas
  4 worker ants
  3 sheep (Lair:3)
  4 adders
  25 river rats
  An ufetubus (Depths:5)
  14 orcs
  2 kobolds (D:10)
  2 butterflies (Lair:7)
  4 fungi
  10 plants
541 creatures vanquished.

Vanquished Creatures (others)
  A stone giant (Depths:4)
  A quicksilver dragon zombie (Vaults:4)
  An ogre mage (Depths:2)
  2 deep elf archers
  A deep elf mage (Elf:1)
  An ugly thing (Depths:1)
  8 yaktaurs
  A two-headed ogre (Depths:2)
  3 water elementals (Depths:1)
  A swamp worm (Swamp:3)
  A swamp drake (Swamp:4)
  A wasp (Swamp:3)
  A white imp (IceCv)
  2 ufetubi (IceCv)
  2 briar patches
  9 fungi
  21 plants
57 creatures vanquished.

Grand Total: 2791 creatures vanquished

Notes
Turn   | Place    | Note
--------------------------------------------------------------
     0 | D:1      | nubinia the Draconian Air Elementalist began the quest for the Orb.
     0 | D:1      | Reached XP level 1. HP: 14/14 MP: 3/3
   592 | D:1      | Reached XP level 2. HP: 20/20 MP: 5/5
   596 | D:1      | Learned a level 2 spell: Repel Missiles
   600 | D:1      | Learned a level 2 spell: Swiftness
  1490 | D:2      | Noticed Ijyb
  1511 | D:2      | Killed Ijyb
  1511 | D:2      | Reached XP level 3. HP: 26/26 MP: 6/6
  1717 | D:2      | Reached XP level 4. HP: 33/33 MP: 7/7
  1852 | D:2      | Found a shimmering altar of Xom.
  3029 | D:3      | Reached XP level 5. HP: 35/38 MP: 9/9
  3044 | D:3      | Reached skill level 3 in Spellcasting
  3382 | D:3      | Noticed Natasha
  3390 | D:3      | Killed Natasha
  3497 | D:3      | Noticed Natasha
  3506 | D:3      | Killed Natasha
  3667 | D:3      | Learned a level 3 spell: Static Discharge
  3761 | D:4      | Noticed Grinder
  3981 | D:4      | Reached XP level 6. HP: 41/45 MP: 9/11
  4220 | D:4      | Reached skill level 4 in Spellcasting
  4220 | D:4      | Reached skill level 5 in Air Magic
  4323 | D:4      | Noticed syage's ghost (amateur MiBe)
  4524 | D:4      | Found Urofu's Antique Weapon Shoppe.
  4611 | D:4      | Your scales start taking on an icy white colour.
  4611 | D:4      | Reached XP level 7. HP: 50/50 MP: 13/13
  4611 | D:4      | Gained mutation: Your flesh is cold resistant. [White Draconian growth]
  4635 | D:3      | Noticed Natasha
  4640 | D:3      | Killed Natasha
  5136 | D:4      | Found a white marble altar of Elyvilon.
  5137 | D:4      | Found a radiant altar of Vehumet.
  5142 | D:4      | Became a worshipper of Vehumet
  5259 | D:4      | Found a basalt altar of Yredelemnul.
  5757 | D:5      | Entered Level 5 of the Dungeon
  5805 | D:5      | Reached skill level 5 in Spellcasting
  5889 | D:5      | Reached XP level 8. HP: 57/57 MP: 15/15
  5918 | D:5      | Found a glowing golden altar of the Shining One.
  5946 | D:5      | Found a sacrificial altar of Ru.
  5974 | D:5      | Found Guppooc's Antique Armour Emporium.
  5987 | D:5      | Reached * piety under Vehumet
  5987 | D:5      | Offered knowledge of Flame Tongue by Vehumet.
  5993 | D:5      | Bought a buckler for 108 gold pieces
  5993 | D:5      | Bought a pair of runed boots for 108 gold pieces
  6027 | D:5      | Found a staircase to the Ecumenical Temple.
  6035 | D:5      | Learned a level 1 spell: Animate Skeleton
  6069 | D:5      | Found Edghomis's Book Boutique.
  6218 | D:5      | Found Tiesa's Jewellery Shoppe.
  6307 | D:5      | Reached skill level 1 in Necromancy
  6815 | D:6      | Reached skill level 5 in Conjurations
  7356 | D:7      | Reached ** piety under Vehumet
  7356 | D:7      | Offered knowledge of Sandblast by Vehumet.
  7487 | D:7      | Reached skill level 6 in Spellcasting
  7487 | D:7      | Reached XP level 9. HP: 58/63 MP: 18/18
  7522 | D:7      | Reached skill level 1 in Fighting
  8038 | D:8      | Offered knowledge of Searing Ray by Vehumet.
  8040 | D:8      | Reached skill level 7 in Spellcasting
  8046 | D:8      | Learned a level 4 spell: Animate Dead
  8196 | D:8      | Reached skill level 1 in Shields
  8518 | D:8      | Found a staircase to the Lair.
  8519 | D:8      | Noticed a komodo dragon
  8555 | D:8      | Killed a komodo dragon
  8567 | Lair:1   | Entered Level 1 of the Lair of Beasts
  8612 | Lair:1   | Reached XP level 10. HP: 41/71 MP: 21/21
  8621 | Lair:1   | Learned a level 4 spell: Iskenderun's Mystic Blast
  8702 | Lair:1   | Reached *** piety under Vehumet
  8950 | Lair:1   | Reached skill level 1 in Short Blades
  9589 | Lair:1   | Offered knowledge of Mephitic Cloud by Vehumet.
  9599 | Lair:1   | Learned a level 3 spell: Mephitic Cloud
  9818 | Lair:2   | Noticed a spiny frog
  9826 | Lair:2   | Killed a spiny frog
  9826 | Lair:2   | Reached skill level 5 in Necromancy
  9882 | Lair:2   | Noticed a black mamba
  9888 | Lair:2   | Noticed Sonja
  9901 | Lair:2   | Killed a black mamba
  9901 | Lair:2   | Reached skill level 5 in Dodging
  9901 | Lair:2   | Reached skill level 8 in Spellcasting
  9905 | Lair:2   | Killed Sonja
  9946 | Lair:2   | Noticed an eight-headed hydra
  9986 | Lair:2   | Killed an eight-headed hydra
 10069 | Lair:2   | Learned a level 3 spell: Regeneration
 10250 | Lair:2   | Reached skill level 1 in Evocations
 10250 | Lair:2   | Reached XP level 11. HP: 40/78 MP: 23/23
 10471 | Lair:2   | Reached **** piety under Vehumet
 10508 | Lair:2   | Reached skill level 9 in Spellcasting
 10526 | Lair:2   | Found a shimmering altar of Xom.
 10562 | Lair:2   | Offered knowledge of Bolt of Draining by Vehumet.
 10569 | Lair:2   | Learned a level 5 spell: Bolt of Draining
 10947 | Lair:3   | Reached skill level 1 in Poison Magic
 11580 | Lair:3   | Reached ***** piety under Vehumet
 11737 | Lair:4   | Noticed an eight-headed hydra
 11746 | Lair:4   | Killed an eight-headed hydra
 11817 | Lair:4   | Found a staircase to the Swamp.
 11925 | Lair:4   | Noticed Josephine
 11941 | Lair:3   | Offered knowledge of Iskenderun's Battlesphere by Vehumet.
 11950 | Lair:3   | Learned a level 5 spell: Iskenderun's Battlesphere
 12278 | Lair:4   | Reached skill level 10 in Spellcasting
 12337 | Lair:4   | Killed Josephine
 12337 | Lair:4   | Reached XP level 12. HP: 70/86 MP: 21/26
 12824 | Lair:5   | Reached skill level 1 in Throwing
 12890 | Lair:5   | Reached skill level 5 in Stealth
 13259 | Lair:5   | Noticed a seven-headed hydra
 13287 | Lair:5   | Killed a seven-headed hydra
 13493 | Lair:5   | Noticed a six-headed hydra
 13501 | Lair:5   | Killed a six-headed hydra
 13861 | Lair:6   | Noticed a four-headed hydra
 13871 | Lair:6   | Killed a four-headed hydra
 14030 | Lair:6   | Reached skill level 11 in Spellcasting
 14320 | Lair:6   | Found a staircase to the Snake Pit.
 14344 | Lair:6   | Found a burning altar of Makhleb.
 14685 | Lair:7   | Offered knowledge of Sticky Flame by Vehumet.
 14703 | Lair:7   | Learned a level 4 spell: Sticky Flame
 14737 | Lair:7   | Found a frozen archway.
 14866 | IceCv    | Entered an ice cave
 15043 | IceCv    | Reached XP level 13. HP: 88/94 MP: 28/28
 16402 | Lair:8   | Entered Level 8 of the Lair of Beasts
 16402 | Lair:8   | Found a staircase to the Slime Pits.
 16907 | Lair:7   | Reached skill level 10 in Conjurations
 16928 | Lair:7   | Offered knowledge of Poisonous Cloud by Vehumet.
 17322 | Lair:8   | Reached skill level 12 in Spellcasting
 17325 | Lair:8   | Reached skill level 10 in Air Magic
 17812 | Lair:8   | Identified the Almanac of Earthen Heat
 18031 | Lair:7   | Reached XP level 14. HP: 103/103 MP: 10/30
 18582 | Lair:8   | Upgraded the game from 0.18-a0-1670-gb40d73e to 0.18-a0-1677-g2bdad6c
 18657 | Lair:8   | Offered knowledge of Delayed Fireball by Vehumet.
 19512 | D:10     | Entered Level 10 of the Dungeon
 19709 | D:10     | Found a staircase to the Orcish Mines.
 19896 | D:10     | Noticed Erolcha
 19912 | D:10     | Killed Erolcha
 19996 | D:10     | Learned a level 4 spell: Airstrike
 20646 | Orc:1    | Entered Level 1 of the Orcish Mines
 20753 | Orc:1    | Reached ****** piety under Vehumet
 20795 | Orc:1    | Found a bloodstained altar of Trog.
 20831 | Orc:1    | Found a dark tunnel.
 20896 | Volcano  | Entered a volcano
 20979 | Volcano  | Found an oddly glowing altar of Pakellas.
 21494 | Orc:2    | Entered Level 2 of the Orcish Mines
 21494 | Orc:2    | Found Fyakol's Antique Armour Shoppe.
 21501 | Orc:2    | Bought a slimy cloak for 218 gold pieces
 21511 | Orc:2    | Identified the cursed +0 cloak of Oblivion {+Inv} (You bought it in a shop on level 2 of the Orcish Mines)
 21652 | Orc:2    | Found a staircase to the Elven Halls.
 21870 | Orc:2    | Offered knowledge of Ozocubu's Refrigeration by Vehumet.
 22078 | Orc:2    | Found Qimog's General Store.
 22447 | Orc:2    | Reached skill level 13 in Spellcasting
 22498 | Orc:2    | Found Gocinnuo's General Store.
 22612 | Orc:2    | Bought a scroll of acquirement for 780 gold pieces
 23235 | Orc:2    | Found a burning altar of Makhleb.
 24030 | Orc:2    | Reached skill level 1 in Charms
 24227 | Orc:2    | Found Ragiuttite's Antique Armour Shoppe.
 24227 | Orc:2    | Found a one-way gate leading to the halls of Pandemonium.
 24227 | Orc:2    | Found Koeheut's Gadget Emporium.
 24280 | Orc:2    | Bought the amulet "Potugis" {Spirit rF++ rC+ Dex-5 Slay+2} for 891 gold pieces
 24537 | Swamp:1  | Entered Level 1 of the Swamp
 24783 | Swamp:1  | Reached XP level 15. HP: 108/108 MP: 22/32
 24790 | Swamp:1  | Offered knowledge of Bolt of Fire by Vehumet.
 24850 | Swamp:1  | Reached skill level 10 in Necromancy
 26512 | Swamp:2  | Reached skill level 14 in Spellcasting
 27016 | Swamp:2  | Offered knowledge of Freezing Cloud by Vehumet.
 27065 | Swamp:2  | Learned a level 6 spell: Freezing Cloud
 27140 | Swamp:2  | Reached skill level 1 in Ice Magic
 28307 | Swamp:3  | Reached skill level 5 in Ice Magic
 28335 | Swamp:3  | Noticed Mara
 28421 | Swamp:3  | Noticed nubinia's illusion
 28819 | Swamp:4  | Entered Level 4 of the Swamp
 29591 | Swamp:4  | Noticed a thorn hunter
 29760 | Swamp:3  | Killed a thorn hunter
 30010 | Swamp:3  | Noticed a thorn hunter
 30035 | Swamp:3  | Killed a thorn hunter
 30035 | Swamp:3  | Reached XP level 16. HP: 34/116 MP: 13/34
 30946 | Swamp:4  | Offered knowledge of Lehudib's Crystal Spear by Vehumet.
 30946 | Swamp:4  | Offered knowledge of Fire Storm by Vehumet.
 30946 | Swamp:4  | Offered knowledge of Chain Lightning by Vehumet.
 30977 | Swamp:4  | Noticed a thorn hunter
 31258 | Swamp:3  | Killed a thorn hunter
 32301 | Swamp:4  | Got a decaying rune of Zot
 32574 | Snake:1  | Entered Level 1 of the Snake Pit
 33014 | Snake:1  | Reached skill level 15 in Spellcasting
 33918 | Lair:6   | Learned a level 4 spell: Summon Lightning Spire
 34314 | Snake:2  | Noticed Vashnia
 34441 | Snake:2  | Noticed Donald
 34980 | Snake:2  | Killed Donald
 35304 | Snake:2  | Killed Vashnia
 35342 | Snake:2  | Learned a level 3 spell: Dazzling Spray
 35541 | Snake:2  | Upgraded the game from 0.18-a0-1677-g2bdad6c to 0.18-a0-1683-gf9322e6
 36058 | Snake:3  | Reached XP level 17. HP: 65/124 MP: 23/36
 36235 | Snake:3  | Reached skill level 10 in Dodging
 37396 | Snake:3  | Noticed Norris
 37415 | Snake:3  | Killed Norris
 38045 | Elf:1    | Entered Level 1 of the Elven Halls
 38054 | Elf:1    | Reached skill level 16 in Spellcasting
 39295 | Elf:1    | Reached skill level 5 in Shields
 39381 | Elf:1    | Reached skill level 5 in Fighting
 39476 | Elf:1    | Got a warped trident
 39712 | D:5      | Bought an uncursed ring of see invisible for 165 gold pieces
 39712 | D:5      | Identified the +2 trident "Cimauq" {flame, rPois rF+ rC+ MP+9} (You found it on level 1 of the Elven Halls)
 40845 | Elf:2    | Found a runed gate.
 40845 | Elf:2    | Found a runed gate.
 40845 | Elf:2    | Found a runed gate.
 40993 | Elf:2    | Reached XP level 18. HP: 133/133 MP: 15/38
 41048 | Elf:3    | Entered Level 3 of the Elven Halls
 41716 | Elf:3    | Found a portal to a secret trove of treasure.
 42021 | Orc:2    | Reached skill level 17 in Spellcasting
 42298 | D:11     | Noticed Maud
 42304 | D:11     | Killed Maud
 42505 | D:11     | Got a distressingly furry hat
 42521 | D:11     | Identified the +2 hat "Domov" {rC- Int+4 Dex+3} (You found it on level 11 of the Dungeon)
 42538 | D:11     | Noticed Harold
 42544 | D:11     | Killed Harold
 43337 | D:12     | Found Jyci Zam's Magic Scroll Emporium.
 43504 | D:12     | Found a shattered altar of Ashenzari.
 44281 | D:14     | Found a gate to the Vaults.
 44281 | D:14     | Noticed Rupert
 45249 | Orc:2    | Bought a fire dragon armour for 1380 gold pieces
 45397 | Elf:3    | You paid a toll of a +3 fire dragon armour to enter a treasure trove
 45398 | Trove    | Entered a treasure trove
 45410 | Trove    | Got a pitted hat
 45426 | Trove    | Got a steaming mace
 45427 | Trove    | Identified the cursed +2 mace of Ogypycau {vamp, *Noise rC- Dex+8 Stlth+} (You found it in a treasure trove)
 45442 | Trove    | Got a pair of bloodstained gloves
 45453 | Trove    | Identified the +3 pair of gloves "Titwia" {*Drain rF+ Int+5} (You acquired it in a treasure trove)
 45470 | Elf:3    | Identified the +1 hat "Caaghoh" {rF- rC++ MR+++ Int-2} (You found it in a treasure trove)
 48021 | Elf:3    | Got a bloodstained war axe {speed}
 48022 | Elf:3    | Identified the +7 war axe "Balodan" {speed, Str+3 Int+6 Dex-4} (You took it off a deep elf annihilator on level 3 of the Elven Halls)
 48445 | Elf:3    | Reached XP level 19. HP: 139/139 MP: 40/40
 48454 | Elf:3    | Reached skill level 18 in Spellcasting
 49102 | Elf:3    | Got a slimy rapier {speed}
 49103 | Elf:3    | Identified the +5 rapier of Papparod {speed, rC++ Str+2} (You took it off a deep elf mage on level 3 of the Elven Halls)
 49107 | Elf:3    | Got a translucent war axe {venom}
 49108 | Elf:3    | Identified the +8 war axe of Sloth {venom, MP+9 Dex+5} (You took it off a deep elf annihilator on level 3 of the Elven Halls)
 49197 | Elf:3    | Got a warped mace {pain}
 49198 | Elf:3    | Identified the +4 mace of Ukedwoti {pain, rPois} (You took it off a deep elf mage on level 3 of the Elven Halls)
 50302 | Elf:3    | Learned a level 6 spell: Deflect Missiles
 50346 | Elf:3    | Got a pair of polished gloves
 50351 | Elf:3    | Identified the Almanac of Feathery Protection
 50355 | Elf:3    | Learned a level 2 spell: Shroud of Golubria
 50355 | Elf:3    | Identified the +0 pair of gloves of Dishonesty {Dex+3} (You found it on level 3 of the Elven Halls)
 50894 | D:13     | Killed Rupert
 51086 | D:14     | Reached skill level 5 in Short Blades
 51121 | D:14     | Found a gateway to a bazaar.
 51133 | D:14     | Found Ifut Tosk's Weapon Shoppe.
 51374 | D:14     | Found Ocsistae's General Store.
 51622 | Vaults:1 | Entered Level 1 of the Vaults
 51947 | Vaults:1 | Reached skill level 15 in Conjurations
 52505 | Vaults:1 | Upgraded the game from 0.18-a0-1683-gf9322e6 to 0.18-a0-1685-g4482fe3
 52518 | Vaults:1 | Reached skill level 19 in Spellcasting
 52866 | Vaults:1 | Reached XP level 20. HP: 140/146 MP: 31/43
 53197 | Vaults:1 | Noticed Jorgrun
 53209 | Vaults:1 | Killed Jorgrun
 53209 | Vaults:1 | Reached skill level 1 in Polearms
 53739 | Bazaar   | Entered a bazaar
 53739 | Bazaar   | Found Otweom's Armour Boutique.
 53739 | Bazaar   | Found Bashrivi's Armour Shop.
 53739 | Bazaar   | Found Anerun's Weapon Shop.
 53749 | Bazaar   | Bought the +3 falchion of Vic Qyax {slice, rN+} for 214 gold pieces
 56021 | D:15     | Entered Level 15 of the Dungeon
 56129 | D:15     | Found a deep blue altar of Sif Muna.
 56262 | D:15     | Found a staircase to the Depths.
 56300 | D:15     | Found a white marble altar of Elyvilon.
 57055 | D:15     | Upgraded the game from 0.18-a0-1685-g4482fe3 to 0.18-a0-1692-g516f9e9
 57472 | Vaults:3 | Reached skill level 10 in Stealth
 57892 | Vaults:3 | Noticed Asterion
 57898 | Vaults:3 | Killed Asterion
 57898 | Vaults:3 | Reached XP level 21. HP: 155/155 MP: 23/44
 58051 | Vaults:3 | Reached skill level 20 in Spellcasting
 58478 | Vaults:3 | Found a staircase to the Crypt.
 58843 | Vaults:3 | Noticed Margery
 58857 | Vaults:3 | Killed Margery
 59906 | Lair:6   | Learned a level 4 spell: Control Undead
 59906 | Lair:6   | Upgraded the game from 0.18-a0-1692-g516f9e9 to 0.18-a0-1702-gd20c6a5
 60376 | Crypt:1  | Entered Level 1 of the Crypt
 60615 | Crypt:1  | Reached skill level 15 in Air Magic
 61815 | Crypt:2  | Noticed Disappointing's ghost (veteran DsWn)
 62633 | Crypt:3  | Entered Level 3 of the Crypt
 62950 | Crypt:3  | Found a basalt altar of Yredelemnul.
 63051 | Crypt:3  | Paralysed by a vampire knight for 3 turns
 63326 | Crypt:3  | Got a pair of distressingly furry gloves
 63327 | Crypt:3  | Identified the +0 pair of gloves of Qong {Str+4} (You found it on level 3 of the Crypt)
 63791 | Crypt:3  | Identified Sif Muna's Catalogue of Dislocated Slavery
 63823 | Crypt:3  | Noticed a profane servitor
 63832 | Crypt:3  | Killed a profane servitor
 63832 | Crypt:3  | Reached XP level 22. HP: 162/162 MP: 20/46
 63992 | Crypt:3  | Noticed Khufu
 64179 | Crypt:3  | Killed Khufu
 64405 | Crypt:3  | Found a staircase to the Tomb.
 64596 | Crypt:3  | Reached skill level 21 in Spellcasting
 65167 | Crypt:3  | Learned a level 8 spell: Chain Lightning
 67366 | Depths:1 | Entered Level 1 of the Depths
 67390 | Depths:1 | Paralysed by a great orb of eyes for 2 turns
 67823 | Depths:1 | Noticed Louise
 67826 | Depths:1 | Killed Louise
 67828 | Depths:1 | Found a one-way gate to the infinite horrors of the Abyss.
 67984 | Depths:1 | Found a gateway to a ziggurat.
 68254 | Depths:1 | Noticed Saint Roka
 68263 | Depths:1 | Killed Saint Roka
 68291 | Depths:1 | Found a gateway to Hell.
 68620 | Depths:2 | Found Qulerch's Assorted Antiques.
 68624 | Depths:2 | Bought a purple potion for 21 gold pieces
 68624 | Depths:2 | Bought a scroll labeled ANONIO HAJILLU for 24 gold pieces
 68920 | Lair:6   | Gained mutation: You expend magic power (3 MP) to strengthen your wands. [potion of mutation]
 68920 | Lair:6   | Gained mutation: You possess an exceptional clarity of mind. [potion of mutation]
 68920 | Lair:6   | Gained mutation: Your body sometimes deteriorates upon taking damage. [potion of mutation]
 68922 | Lair:6   | Gained mutation: Your tail ends in a poisonous barb. [potion of mutation]
 68922 | Lair:6   | Lost mutation: Your tail ends in a poisonous barb. [potion of mutation]
 68922 | Lair:6   | Gained mutation: You are weak. (Str -2) [potion of mutation]
 68923 | Lair:6   | Lost mutation: Your body sometimes deteriorates upon taking damage. [potion of cure mutation]
 68923 | Lair:6   | Lost mutation: You are weak. (Str -2) [potion of cure mutation]
 68923 | Lair:6   | Lost mutation: You possess an exceptional clarity of mind. [potion of cure mutation]
 68923 | Lair:6   | Lost mutation: You expend magic power (3 MP) to strengthen your wands. [potion of cure mutation]
 69330 | Depths:2 | Reached XP level 23. HP: 99/170 MP: 17/48
 71511 | Depths:2 | Got a steaming whip {slash}
 71512 | Depths:2 | Identified the +6 whip "Ojoggeta" {slash, rF+ rN++ Int-5 Stlth+} (You took it off a yaktaur on level 2 of the Depths)
 72110 | Depths:2 | Reached skill level 22 in Spellcasting
 72132 | Depths:2 | Reached skill level 5 in Charms
 73018 | Depths:3 | Upgraded the game from 0.18-a0-1702-gd20c6a5 to 0.18-a0-1718-g40ea4b6
 74501 | Depths:4 | Noticed Jory
 74767 | Depths:4 | Reached XP level 24. HP: 179/179 MP: 42/49
 76042 | Depths:4 | Killed Jory
 76330 | Depths:4 | Gained mutation: You evolve. [potion of beneficial mutation]
 76457 | Depths:4 | Got a scintillating glass ring
 76458 | Depths:4 | Identified the ring of Contentment {SustAt +Inv rPois rC+ Str-5} (You found it on level 4 of the Depths)
 76545 | Depths:4 | Learned a level 5 spell: Dispel Undead
 76889 | Lair:6   | Learned a level 3 spell: Regeneration
 76892 | Lair:6   | Learned a level 1 spell: Apportation
 77458 | Depths:5 | Entered Level 5 of the Depths
 78315 | Depths:5 | Reached skill level 23 in Spellcasting
 79279 | Depths:5 | Found a gate to the Realm of Zot.
 80072 | Depths:5 | Gained mutation: You have a pair of small antennae on your head. [evolution]
 81098 | Depths:5 | Reached XP level 25. HP: 184/184 MP: 44/50
 81492 | Vaults:5 | Entered Level 5 of the Vaults
 81964 | Vaults:4 | Killed from afar by a tengu reaver

Vault maps used:
D:1:      minmay_arrival_loop
D:2:      xom_butterflies, uniq_iyjb
D:3:      uniq_natasha
D:4:      minmay_goblin_kobold_castle, yredelemnul_forgotten_temple_becter,
          gammafunk_temple_overflow_wave, serial_shops, kennysheep_mini,
          grunt_ministairs_11, uniq_grinder
D:5:      nicolae_overflow_hidden_temple, minmay_temple_entry_glass,
          first_bread, serial_shops, shop, shop, shop, tso_altar
D:7:      the_bakery
D:8:      david_lair_shrubbed, eino_curves_04
D:9:      due_unseen_surprise
D:10:     david_orc_1_choice, uniq_erolcha
D:11:     nrook_mini_vaults, uniq_maud, uniq_harold
D:12:     serial_shops, kennysheep_little_box, ashenzari_altar_1
D:14:     cheibrodos_stairvault_heist, david_vaults_3, corexii_corridor_pit,
          serial_shops, bzr_entry_islet, shop, shop
D:15:     grunt_enter_depths_hoard, lemuel_crystal_altar, lemuel_blue_sif_altar
Lair:1:   grunt_megastairs_2, infiniplex_staircase_pool_2, serial_bayou_shore_a
Lair:2:   basic_altar, uniq_sonja
Lair:3:   beast_lair_carwin_large_1
Lair:4:   minmay_swamp_entry_reptiles, uniq_josephine
Lair:5:   boulder_dual_corridor_run, bobbens_dragon_lair_wall,
          infiniplex_staircase_pool
Lair:6:   guppyfry_snake_entry_island, nicolae_lair_grove_arrangements,
          st_stairs_5, lemuel_oklob_altar, lemuel_fruit_fields
Lair:7:   portal_ice_cave_entry_ice_beasts, lemuel_fruit_fields,
          grunt_megastairs_3
Lair:8:   hangedman_lair_tendril_chambers, guppyfry_lair_end_dragon,
          nicolae_slime_entry_slimehenge, serial_bayou_shore_b
Swamp:1:  hangedman_swamp_lotus
Swamp:2:  evilmike_swamp_ruin_rubble_1, swamp_pool2
Swamp:3:  nicolae_swamp_stair_fork, uniq_mara
Swamp:4:  swamp_alternative, swamp_pool4, nicolae_swamp_spriggan_camp
Snake:1:  serial_bayou_shore_b
Snake:2:  cheibrodos_snake_lava_hold, st_stairs_5, nicolae_snake_double_loop,
          abandoned_shop, grunt_ministairs_3, uniq_donald, uniq_vashnia
Snake:3:  serial_bayou_lagoon_a, uniq_norris
Orc:1:    nicolae_volcano_entry_s_turn, bloody_trog
Orc:2:    pf_orc_diabolical, serial_shops, shop_fountains, basic_altar
Elf:1:    hangedman_corner_corridor
Elf:3:    minmay_elf_hall_golems, enter_trove_2
Vaults:1: nicolae_vaults_triangles, vaults_dpeg_encased_lava,
          dpeg_vaults_monster_box, v_pattern_5, nicolae_vaults_border_crossing,
          vaults_room_boxed, v_misc_5, ontoclasm_vaults_shout,
          ontoclasm_vaults_shuriken, ontoclasm_vaults_pinch,
          vaults_room_hallway, v_misc_25, uniq_jorgrun
Vaults:2: ontoclasm_vaults_claustrophobia, hangedman_vaults_impose,
          nicolae_vaults_statue_guard, vaults_mumra_hex, vaults_room_pools
Vaults:3: minmay_crypt_entry_simple_box, vaults_mumra_minichess,
          vaults_mumra_chevron, v_misc_26, v_alt_pattern_4,
          nicolae_vaults_what_the_h, grunt_vaults_hallway_long,
          hangedman_vaults_snaps, vaults_room_pools, v_misc_32,
          nicolae_vaults_little_squares_4, uniq_margery, uniq_asterion
Vaults:4: hangedman_vaults_trim, v_alt_pattern_1, hangedman_vaults_nails,
          vaults_room_ringed_pool, ontoclasm_vaults_spin,
          ontoclasm_vaults_tryst, hangedman_vaults_slice, vaults_dpeg_hooks,
          v_misc_13, ontoclasm_vaults_twist, ontoclasm_vaults_hangar
Vaults:5: uniq_sojobo
Crypt:1:  nicolae_crypt_little_mausoleum
Crypt:2:  library_closet
Crypt:3:  grunt_crypt_end_deaths_head
Depths:1: enter_ziggurat_c, nicolae_abyss_entry_one_way_or_another,
          pf_dread_powers_of_hell, grunt_decor_clamped,
          hangedman_decor_opposing, lemuel_freeze_loot_1, firewood_loft,
          uniq_saint_roka
Depths:2: minmay_eyes, serial_shops, shop, hell_entry, nicolae_benzene_ring,
          grunt_pan_entry_spiral, minmay_staircase_statues
Depths:3: minmay_stepped, rand_demon_pan_entry_1, minmay_misc_feat_plants,
          hell_entry
Depths:4: minmay_swirls_squares, hellmouth_1, abyss_entry,
          serial_sigils_hangedman_clutch, uniq_jory
Depths:5: evilmike_zot_entry_argh, corexii_leaking_fountain,
          grunt_pan_entry_sceptre, grunt_hell_entry_dis_grunt,
          eino_tiny_chamber, grunt_ministairs_4
Bazaar:   bazaar_outfitter
Trove:    trove_simple
IceCv:    ice_cave_small_demon
Volcano:  volcano_grotto

Skill      XL: |  1  2  3  4  5  6  7  8  9 10 11 12 13 14 15 16 17 18 19 20 21 22 23 24 |
---------------+-------------------------------------------------------------------------+-----
Stealth        | 2 3 4 5 6 7 8 9 10 11 | 11.8
Dodging        | 2 3 4 5 6 7 8 9 10 11 12 13 14 | 14.3
Conjurations   | 2 3 4 5 6 7 8 9 10 11 12 13 14 15 16 17 18 | 18.7
Air Magic      | 4 5 6 7 8 9 10 11 12 13 14 15 16 | 16.9
Spellcasting   | 3 4 5 6 7 8 10 11 12 13 14 15 16 17 19 20 21 22 23 | 23.4
Necromancy     | 2 4 5 6 8 9 10 11 12 | 12.0
Fighting       | 1 2 3 4 5 6 7 |  7.5
Shields        | 1 2 3 4 5 6 7 8 9 |  9.9
Short Blades   | 1 2 3 4 5 6 |  6.3
Evocations     | 1 2 3 |  3.0
Poison Magic   | 1 |  1.0
Throwing       | 1 |  1.3
Charms         | 1 3 4 5 6 |  6.1
Ice Magic      | 6 |  6.3
Polearms       | 3 4 |  4.5
Fire Magic     | |  0.7

Action                   |  1- 3 |  4- 6 |  7- 9 | 10-12 | 13-15 | 16-18 | 19-21 | 22-24 | 25-27 || total
-------------------------+-------+-------+-------+-------+-------+-------+-------+-------+-------++-------
Melee: Dagger            |     2 |    43 |   129 |   472 |   842 |   481 |   418 |   763 |    34 ||  3184
       Short sword       |     5 |     9 |       |       |       |       |       |       |       ||    14
       Trident           |       |       |       |       |       |   155 |   402 |   189 |       ||   746
       Falchion          |       |       |       |       |       |       |     6 |    48 |       ||    54
 Fire: Blowgun           |       |       |       |     9 |     1 |       |     2 |       |       ||    12
 Cast: Shock             |    52 |   178 |   277 |   254 |   452 |   275 |   182 |   103 |       ||  1773
       Repel Missiles    |     1 |     1 |       |       |     2 |    11 |     1 |       |       ||    16
       Static Discharge  |       |     2 |    15 |     6 |       |       |       |       |       ||    23
       Animate Skeleton  |       |       |    15 |    48 |    43 |    56 |    55 |    40 |     2 ||   259
       Animate Dead      |       |       |     1 |    31 |    96 |    82 |    72 |    88 |     5 ||   375
       Iskenderun's Myst |       |       |       |    36 |    41 |    64 |   104 |   239 |     3 ||   487
       Regeneration      |       |       |       |     2 |     4 |       |       |     3 |     2 ||    11
       Mephitic Cloud    |       |       |       |    74 |   184 |   139 |    81 |    76 |     7 ||   561
       Bolt of Draining  |       |       |       |    57 |   208 |   256 |   317 |   307 |    24 ||  1169
       Sticky Flame      |       |       |       |     3 |    14 |     5 |    70 |    87 |     1 ||   180
       Iskenderun's Batt |       |       |       |       |   131 |   156 |   140 |   130 |     2 ||   559
       Airstrike         |       |       |       |       |    60 |   153 |   166 |   133 |     9 ||   521
       Freezing Cloud    |       |       |       |       |     7 |     7 |     9 |    12 |       ||    35
       Dazzling Spray    |       |       |       |       |       |    15 |    24 |    13 |       ||    52
       Summon Lightning  |       |       |       |       |       |    33 |    43 |    37 |       ||   113
       Deflect Missiles  |       |       |       |       |       |       |     8 |    10 |     1 ||    19
       Shroud of Golubri |       |       |       |       |       |       |     8 |     1 |     3 ||    12
       Control Undead    |       |       |       |       |       |       |    35 |     9 |       ||    44
       Chain Lightning   |       |       |       |       |       |       |       |    23 |       ||    23
       Dispel Undead     |       |       |       |       |       |       |       |     5 |       ||     5
 Abil: Breathe Frost     |       |       |     2 |     4 |     9 |     1 |     1 |     7 |       ||    24
       Evoke Flight      |       |       |       |       |     1 |     1 |       |       |       ||     2
Evoke: Wand              |       |       |       |    10 |    12 |    23 |    10 |    18 |       ||    73
       Rod               |       |       |       |       |     2 |     1 |       |       |       ||     3
       Phial of floods   |       |       |       |       |     2 |     2 |       |     2 |       ||     6
       Fan of gales      |       |       |       |       |       |     1 |     1 |     3 |       ||     5
  Use: Scroll            |     2 |    11 |    12 |    11 |    21 |    24 |    10 |    18 |     1 ||   110
       Potion            |       |     1 |       |       |     6 |     5 |     1 |     9 |     1 ||    23
 Stab: Sleeping          |     1 |     1 |     6 |     8 |     3 |     4 |     8 |     6 |       ||    37
       Distracted        |       |       |     1 |     6 |     7 |     6 |    27 |    24 |     1 ||    72
       Confused          |       |       |       |    14 |    52 |    46 |    42 |    42 |     4 ||   200
       Invisible         |       |       |       |       |       |     2 |     1 |       |       ||     3
  Eat: Chunk             |     3 |     9 |    12 |    24 |   118 |   123 |   154 |   149 |     6 ||   598
       Pizza             |       |       |     1 |     3 |       |       |       |       |       ||     4
       Beef jerky        |       |       |     1 |     2 |     2 |       |       |       |       ||     5
       Royal jelly       |       |       |       |     3 |     1 |       |       |       |       ||     4
       Fruit             |       |       |       |     2 |     7 |     2 |       |       |       ||    11
       Bread ration      |       |       |       |     1 |       |     1 |       |       |       ||     2
       Meat ration       |       |       |       |       |     4 |     1 |       |       |       ||     5
